 Dungeon Crawl Stone Soup version 0.26-a0-652-gafc20e3620 (webtiles) character file.

Game seed: 11127210901415694355

117 lunkers the Stinger (level 4, -1/30 HPs)
             Began as a Demonspawn Venom Mage on Oct 1, 2020.
             Slain by a killer bee (2 damage)
             ... on level 3 of the Dungeon.
             The game lasted 00:03:10 (2090 turns).

lunkers the Stinger (Demonspawn Venom Mage)         Turns: 2090, Time: 00:03:11

Health: -1/30      AC:  3    Str:  8    XL:     4   Next: 71%
Magic:  2/8        EV: 12    Int: 17    God:
Gold:   110        SH:  0    Dex: 14    Spells: 8/9 levels left

rFire    . . .     SeeInvis .   (no weapon)
rCold    + . .     Faith    .   (no shield)
rNeg     . . .     Spirit   .   a - +0 robe
rPois    .         Reflect  .   (helmet restricted)
rElec    .         Harm     .   (no cloak)
rCorr    .         Rampage  .   e - +0 pair of gloves
MR       .....                  (no boots)
Stlth    +++.......             (no amulet)
HPRegen  0.10/turn              q - ring of protection from cold
MPRegen  0.11/turn              p - ring of stealth

@: lethally poisoned (-1 -> -10), stab
A: horns 2
a: no special abilities


You were on level 3 of the Dungeon.
You visited 1 branch of the dungeon, and saw 3 of its levels.

You collected 110 gold pieces.

Inventory:

Armour
 a - a +0 robe (worn)
 e - a +0 pair of gloves (worn)
Jewellery
 p - a ring of stealth (right hand)
 q - a ring of protection from cold (left hand)
Scrolls
 b - 2 scrolls of enchant armour {unknown}
 f - a scroll of noise {unknown}
 g - a scroll of identify {unknown}
 i - a scroll of amnesia {unknown}
 j - a scroll of enchant weapon {unknown}
 l - a scroll of magic mapping {unknown}
 o - a scroll of immolation {unknown}
 r - a scroll of teleportation {unknown}
Potions
 c - a potion of brilliance {unknown}
 d - a potion of degeneration {unknown}
 h - a potion of stabbing
 k - a potion of flight {unknown}
 m - a potion of magic {unknown}
 n - a potion of berserk rage {unknown}


   Skills:
 - Level 1.7 Dodging
 - Level 1.7 Stealth
 + Level 3.0 Spellcasting
 - Level 0.8 Transmutations
 * Level 4.8 Poison Magic


You had 8 spell levels left.
You knew the following spells:

 Your Spells              Type           Power        Failure   Level
a - Sting                 Tmut/Pois      ##..         5%          1

Your spell library contained the following spells:

 Spells                   Type           Power        Failure   Level
 Poisonous Vapours        Pois/Air       ##....       10%         2
 Ignite Poison            Fire/Tmut/Pois #.......     24%         3
 Olgreb's Toxic Radiance  Pois           ###.....     24%         4
 Mephitic Cloud           Conj/Pois/Air  #.......     26%         3


Dungeon Overview and Level Annotations

Branches:
Dungeon (3/15)

Altars:
Hepliaklqana
Makhleb


Innate Abilities, Weirdness & Mutations

You have a pair of horns on your head.


Message History

Unknown command.
Casting: Sting (safe; 5% risk of failure)
Confirm with . or Enter, or press ? or * to list all spells.
Aiming: Sting (safe; 5% risk of failure)
Press: ? - help, Shift-Dir - straight line, f - killer bee
Aim: a killer bee The sting hits the killer bee.
The killer bee is poisoned.
The killer bee is lightly wounded.
* * * LOW HITPOINT WARNING * * *
You feel sick. The killer bee closely misses you. The killer bee stings you.
* * * LOW HITPOINT WARNING * * *
Casting: Sting (safe; 5% risk of failure)
Confirm with . or Enter, or press ? or * to list all spells.
Aiming: Sting (safe; 5% risk of failure)
Press: ? - help, Shift-Dir - straight line, f/p - killer bee
Aim: a killer bee (lightly wounded, poisoned)
The sting misses the killer bee.
The sting misses the giant cockroach.
* * * LOW HITPOINT WARNING * * *
You feel sick. The killer bee barely misses you. The killer bee stings you.
You die...

#......#####<####..####.
####......##....####..###
._...........#####......#
#.......### #..###.....
##...†...# ##.## ###..
#...##..## ##..# #..
.y......####.## ###..######....
.......####..####...###<.......
y......###..sy@...##......####.
>...y....>..#######....####
.......###.## #..### ..[...#
#.# .......## #..#.. ...
......) .... ####### .?....
......< .......(#


You could see a killer bee (poisoned) and a giant cockroach.

Vanquished Creatures
  A killer bee (D:3)
  2 adders
  An ooze (D:2)
  A worm (D:2)
  A dart slug (D:1)
  2 ball pythons (D:1)
  6 bats
  2 giant cockroaches
  5 goblins
  6 hobgoblins
  4 jackals
  3 frilled lizards
  7 kobolds
  4 rats
45 creatures vanquished.

Notes
Turn   | Place    | Note
-------+----------+-------------------------------------------
     0 | D:1      | lunkers the Demonspawn Venom Mage began the quest for the
                  | Orb.
     0 | D:1      | Reached XP level 1. HP: 13/13 MP: 3/3
   226 | D:1      | Gained mutation: You have a pair of small horns on your
                  | head. [demonic ancestry]
   226 | D:1      | Reached XP level 2. HP: 19/19 MP: 0/5
   678 | D:1      | Reached XP level 3. HP: 24/24 MP: 0/6
   951 | D:2      | Found a hazy altar of Hepliaklqana.
  1002 | D:2      | Reached skill level 4 in Poison Magic
  1880 | D:3      | Found a burning altar of Makhleb.
  1884 | D:3      | Noticed a killer bee
  1884 | D:3      | Noticed a killer bee
  1885 | D:3      | Noticed a killer bee
  1894 | D:3      | Killed a killer bee
  1894 | D:3      | Gained mutation: You have a pair of horns on your head.
                  | [demonic ancestry]
  1894 | D:3      | Reached XP level 4. HP: 11/30 MP: 4/8
  2090 | D:3      | HP: 1/30 [poisoned by a killer bee]
  2090 | D:3      | Slain by a killer bee

Illustrated notes

Levels and vault maps discovered:
D:1:      saegor_arrival_simple_a, layout_rooms
D:2:      layout_basic, lemuel_coloured_pillars_altar
D:3:      layout_rooms, overflow_temple_1_default

Skill      XL: |  1  2  3 |
---------------+----------+-----
Poison Magic   | 4 |  4.8
Spellcasting   | 3 |  3.0
Dodging        | |  1.7
Stealth        | |  1.7
Transmutations | |  0.8

Action                   |  1- 3 |  4- 6 || total
-------------------------+-------+-------++-------
Melee: Unarmed           |     6 |       ||     6
       Headbutt          |     1 |       ||     1
 Cast: Sting             |    80 |     6 ||    86
  Use: Potion            |       |     1 ||     1
Armor: Robe              |     8 |     2 ||    10
Dodge: Dodged            |    40 |     5 ||    45

Table legend: (Time is in decaauts)
 A = Elapsed time spent in this place.
 B = Non-inter-level travel time spent in this place.
 C = Inter-level travel time spent in this place.
 D = Time resting spent in this place.
 E = Time spent auto-exploring this place.
 F = Levels seen in this place.
 G = Mean time per level.
                   A        B        C        D        E       F      G
               +--------+--------+--------+--------+--------+-----+--------+
         Total |   2088 |   2080 |      8 |    202 |   1502 |   3 |  696.0 |
       Dungeon |   2088 |   2080 |      8 |    202 |   1502 |   3 |  696.0 |
               +--------+--------+--------+--------+--------+-----+--------+

Top non-repeatable levels by time:
     D:2: 986 daAuts
     D:1: 838 daAuts
     D:3: 263 daAuts
